 Dungeon Crawl Stone Soup version 0.23.2-1-ga50397a6bc (webtiles) character file.

Game seed: 16820613631380206020

1794 Jaijje the Transmogrifier (level 9, -6/72 HPs)
             Began as a Merfolk Transmuter on May 20, 2019.
             Was a Priest of Uskayaw.
             Mangled by Joseph
             ... wielding a +1 quarterstaff of speed
              (15 damage)
             ... on level 7 of the Dungeon.
             The game lasted 00:24:18 (8270 turns).

Jaijje the Transmogrifier (Merfolk Transmuter)      Turns: 8270, Time: 00:24:18

Health: -6/72      AC:  8    Str: 14    XL:     9   Next: 9%
Magic:  0/15       EV: 13    Int: 12    God:    Uskayaw [***...]
Gold:   205        SH:  0    Dex: 16    Spells: 12/16 levels left

rFire    x . .     SeeInvis +   D - +8 spear of Xom's Whim {venom, rF- Dex+2 SInv}
rCold    . . .     Gourm    .   (no shield)
rNeg     . . .     Faith    .   s - +0 leather armour
rPois    .         Spirit   +   (no helmet)
rElec    .         Reflect  .   (no cloak)
rCorr    .         Harm     .   F - +0 pair of gloves
MR       .....                  (no boots)
Stlth    +.........             v - amulet of guardian spirit
HPRegen  0.22/turn              q - +4 ring of protection
MPRegen  0.14/turn              (no ring)

@: appendage
A: change form in water, swift swim, stealthy swim, horns 2
a: End Transformation, Stomp, Line Pass, Renounce Religion


You were on level 7 of the Dungeon.
You worshipped Uskayaw.
Uskayaw was noncommittal.
You were hungry.
You had grown temporary horns.
You visited 2 branches of the dungeon, and saw 8 of its levels.

You collected 319 gold pieces.
You spent 114 gold pieces at shops.

Inventory:

Hand Weapons
 a - a +1 blowgun
 D - the +8 spear of Xom's Whim (weapon) {venom, rF- Dex+2 SInv}
   (You found it on level 4 of the Dungeon)

   It poisons the flesh of those it strikes.
   It affects your dexterity (+2).
   It makes you vulnerable to fire.
   It lets you see invisible.
 L - a +0 fustibalus
Missiles
 k - 14 poisoned needles
 r - 99 arrows
 w - 3 curare-tipped needles
Armour
 b - a +0 robe
 f - a +0 leather armour
 n - a +0 shield
 p - a +0 helmet
 s - a +0 leather armour (worn)
 F - a +0 pair of gloves (worn)
 M - a cursed +0 large shield
Jewellery
 g - an uncursed ring of fire {unknown}
 i - an uncursed amulet of faith {unknown}
 q - a +4 ring of protection (left hand)
 t - an uncursed ring of ice
 v - an amulet of guardian spirit (around neck)
 y - an uncursed ring of poison resistance {unknown}
 z - an uncursed ring of see invisible {unknown}
 C - an uncursed amulet of rage {unknown}
 K - a +4 ring of intelligence {unknown}
Wands
 B - a wand of acid (8)
 E - a wand of polymorph (5)
 H - a wand of digging (15)
 J - a wand of iceblast (13)
Scrolls
 e - 2 scrolls of blinking
 h - 6 scrolls of remove curse
 j - 5 scrolls of identify
 u - a scroll of enchant weapon
 x - a scroll of teleportation
 G - a scroll of fear {unknown}
 O - a scroll of vulnerability {unknown}
Potions
 c - 3 potions of might
 l - 4 potions of heal wounds
 m - 3 potions of lignification {unknown}
 o - 2 potions of curing {unknown}
 A - 2 potions of haste {unknown}
 I - 3 potions of brilliance {unknown}
 N - a potion of flight {unknown}
Comestibles
 d - 6 rations


   Skills:
 - Level 7.0 Fighting
 + Level 1.6 Polearms
 - Level 2.6 Dodging
 + Level 6.1 Unarmed Combat
 + Level 4.4 Spellcasting
 * Level 9.3 Transmutations


You had 12 spell levels left.
You knew the following spells:

 Your Spells              Type           Power        Failure   Level  Hunger
a - Beastly Appendage     Tmut           ####..       1%          1    None
b - Spider Form           Tmut/Pois      ##........   12%         3    ###....

Your spell library contained the following spells:

 Spells                   Type           Power        Failure   Level  Hunger
 Sticks to Snakes         Tmut           ####....     1%          2    ##.....
 Blade Hands              Tmut           ####......   16%         5    ######.
 Ice Form                 Ice/Tmut       ##......     36%         4    ####...


Dungeon Overview and Level Annotations

Branches:
Dungeon (7/15)             Temple (1/1) D:5

Altars:
Elyvilon
Fedhas
Gozag
Hepliaklqana
Kikubaaqudgha
Nemelex Xobeh
Okawaru
Qazlal
Ru
Sif Muna
Trog
Uskayaw
Vehumet
Wu Jian
Xom
Yredelemnul
Zin
The Shining One

Shops:
D:7 *

Annotations:
D:2 Crazy Yiuf
D:7 Joseph


Innate Abilities, Weirdness & Mutations

You revert to your normal form in water You are very nimble and swift while swimming.
You are very stealthy in the water. (Stealth+)
You have a pair of horns on your head.


Message History

Joseph is moderately wounded.
Joseph zaps a wand.
You easily resist.
You hit Joseph.
Joseph is moderately wounded.
Joseph misses you.
Uskayaw will force your foes to helplessly watch your dance.
Uskayaw prepares the audience for your solo!
The helpless Joseph fails to defend himself.
You hit Joseph.
Joseph is moderately wounded.
Joseph is no longer paralysed.
Joseph hits you with a +1 quarterstaff of speed!
* * * LOW HITPOINT WARNING * * *
You puncture Joseph!
Joseph is poisoned.
Your headbutt misses Joseph.
Joseph is heavily wounded.
Joseph closely misses you.
You hit Joseph. Your headbutt misses Joseph.
Joseph is heavily wounded.
Joseph hits you with a +1 quarterstaff of speed!
You die...

### #..#### ###.. ##..###
##....###.... #>....#
#........... #.....#
##....##.... #.....#
##....#####.. #.....##
##.......##...
##..)..######..###........
#.......##...## ####.....
#.....>.@@(.(## #####.
#..#####....## ## #..
###### # #.$# # ... # .


You could see Joseph.

Vanquished Creatures
  Prince Ribbit (D:5)
  Duvessa (D:5)
  2 phantoms
  A necrophage (D:6)
  A black bear (D:7)
  2 ogres
  Dowan (D:5)
  A scorpion (D:5)
  A jelly (D:5)
  2 crimson imps (D:5)
  A centaur zombie (D:6)
  4 hounds
  A centaur skeleton (D:4)
  3 iguanas
  6 orc wizards
  4 worker ants
  Terence (D:3)
  2 hound skeletons
  2 howler monkey zombies
  4 adders
  2 shadow imps
  An adder skeleton (D:4)
  3 worms
  3 dart slugs
  10 leopard geckos
  17 orcs
  13 bats
  6 giant cockroaches
  5 goblins
  6 hobgoblins
  18 jackals
  11 kobolds
  5 quokkas
  3 ball pythons
  6 frilled lizards
  A leopard gecko skeleton (D:5)
  5 rats
156 creatures vanquished.

Notes
Turn   | Place    | Note
-------+----------+-------------------------------------------
     0 | D:1      | Jaijje the Merfolk Transmuter began the quest for the Orb.
     0 | D:1      | Reached XP level 1. HP: 15/15 MP: 3/3
   154 | D:1      | Reached skill level 3 in Transmutations
   435 | D:1      | Reached XP level 2. HP: 21/21 MP: 3/5
   813 | D:1      | Reached XP level 3. HP: 26/27 MP: 6/6
  1545 | D:2      | Found a runed translucent door.
  1546 | D:2      | Noticed Crazy Yiuf
  1813 | D:2      | Reached skill level 4 in Transmutations
  1970 | D:2      | Reached XP level 4. HP: 33/34 MP: 5/7
  2186 | D:2      | Found a glowing golden altar of the Shining One.
  3137 | D:3      | Learned a level 3 spell: Spider Form
  3294 | D:3      | Found an ornate altar of the Wu Jian Council.
  3737 | D:3      | Noticed Terence
  3743 | D:3      | Killed Terence
  3772 | D:3      | Reached XP level 5. HP: 34/41 MP: 4/8
  3807 | D:3      | Found a hazy altar of Hepliaklqana.
  4043 | D:3      | Found a shimmering altar of Xom.
  4290 | D:4      | Reached skill level 5 in Transmutations
  4375 | D:4      | Found an ancient bone altar of Kikubaaqudgha.
  4468 | D:4      | Reached XP level 6. HP: 48/48 MP: 7/9
  4595 | D:4      | Got a shimmering spear
  4703 | D:4      | Noticed a phantom
  4799 | D:5      | Entered Level 5 of the Dungeon
  5094 | D:4      | Killed a phantom
  5094 | D:4      | Reached skill level 6 in Transmutations
  5208 | D:4      | Reached XP level 7. HP: 18/55 MP: 3/11
  5730 | D:5      | Noticed Duvessa
  5793 | D:5      | Found a staircase to the Ecumenical Temple.
  5822 | Temple   | Entered the Ecumenical Temple
  5823 | Temple   | Identified the +8 spear of Xom's Whim {venom, rF- Dex+2
                  | SInv} (You found it on level 4 of the Dungeon)
  5995 | D:5      | Noticed Prince Ribbit
  6003 | D:5      | Killed Prince Ribbit
  6003 | D:5      | Reached skill level 5 in Fighting
  6011 | D:5      | Reached skill level 5 in Unarmed Combat
  6032 | D:5      | Reached skill level 7 in Transmutations
  6278 | D:5      | Reached XP level 8. HP: 52/63 MP: 11/13
  6530 | D:5      | Noticed Dowan
  6539 | D:5      | Killed Duvessa
  6546 | D:5      | Killed Dowan
  6895 | D:6      | Found a sparkling altar of Nemelex Xobeh.
  6919 | D:6      | Reached skill level 8 in Transmutations
  7016 | D:6      | Found a white marble altar of Elyvilon.
  7317 | D:6      | Found a hide-covered altar of Uskayaw.
  7335 | D:6      | Became a worshipper of Uskayaw the Reveler
  7574 | D:7      | Reached * piety under Uskayaw
  7628 | D:7      | Reached ** piety under Uskayaw
  7633 | D:7      | Reached *** piety under Uskayaw
  7642 | D:7      | Reached **** piety under Uskayaw
  7699 | D:7      | Found Wibubb's Assorted Antiques.
  7715 | D:7      | Reached skill level 9 in Transmutations
  7718 | D:7      | Reached XP level 9. HP: 49/72 MP: 12/15
  7724 | D:7      | Bought a black potion for 27 gold pieces
  7724 | D:7      | Bought a scroll of identify for 60 gold pieces
  7724 | D:7      | Bought a bubbling black potion for 27 gold pieces
  8237 | D:7      | Noticed Joseph
  8242 | D:7      | Reached skill level 1 in Polearms
  8258 | D:7      | Paralysed by Joseph for 4 turns
  8270 | D:7      | Mangled by Joseph

Skill      XL: |  1  2  3  4  5  6  7  8  9 |
---------------+----------------------------+-----
Transmutations | 3 4 5 6 7 9 |  9.3
Fighting       | 2 3 4 5 7 |  7.0
Unarmed Combat | 4 5 6 |  6.1
Spellcasting   | 3 4 |  4.4
Polearms       | 1 |  1.6
Dodging        | |  2.6

Action                   |  1- 3 |  4- 6 |  7- 9 || total
-------------------------+-------+-------+-------++-------
Melee: Unarmed           |   164 |   293 |    36 ||   493
       Headbutt          |    20 |    25 |    25 ||    70
       Punch             |     6 |     2 |     3 ||    11
       Spear             |       |       |   157 ||   157
 Cast: Beastly Appendage |    24 |    34 |    25 ||    83
       Spider Form       |       |     5 |     2 ||     7
  Use: Scroll            |       |       |     8 ||     8
       Potion            |       |       |     1 ||     1
 Stab: Sleeping          |     1 |     1 |       ||     2
       Paralysed         |       |       |     2 ||     2
  Eat: Chunk             |     4 |     6 |     9 ||    19
       Ration            |       |     2 |       ||     2
Armor: Robe              |     7 |       |       ||     7
       Leather armour    |    36 |    80 |    51 ||   167
       Skin              |       |     5 |     1 ||     6
Dodge: Dodged            |   113 |   196 |   123 ||   432
